 Dungeon Crawl Stone Soup version 0.27.1 (webtiles) character file.

Game seed: 14286713574978992174

0 ZARRMARR the Digger (level 1, 0/10 HPs)
             Began as a Gargoyle Earth Elementalist on Aug 22, 2021.
             Slain by a quokka (3 damage)
             ... on level 1 of the Dungeon.
             The game lasted 00:00:28 (100 turns).

ZARRMARR the Digger (Gargoyle Earth Elementalist)    Turns: 100, Time: 00:00:28

Health: 0/10       AC:  4    Str: 11    XL:     1   Next: 10%
Magic:  0/3        EV: 11    Int: 15    God:
Gold:   0          SH:  0    Dex: 10    Spells: 3/4 levels left

rFire    . . .     SeeInvis .   (no weapon)
rCold    . . .     Faith    .   (no shield)
rNeg     + . .     Spirit   .   b - +0 robe
rPois    ∞         Reflect  .   (no helmet)
rElec    +         Harm     .   (no cloak)
rCorr    .         Rampage  .   (no gloves)
Will     .....                  (no boots)
Stlth    ++........             (no amulet)
HPRegen  0.03/turn              (no ring)
MPRegen  0.08/turn              (no ring)

@: no status effects
A: sickness immunity, AC +2, negative energy resistance 1, electricity
resistance, torment resistance 1, petrification resistance
a: no special abilities


You were on level 1 of the Dungeon.
You visited 1 branch of the dungeon, and saw 1 of its levels.

Inventory:

Missiles
 c - 25 stones
Armour
 b - a +0 robe (worn)
Scrolls
 a - a scroll of identify {unknown}


   Skills:
 + Level 1.5 Dodging
 + Level 2.1 Stealth
 + Level 2.0 Spellcasting
 - Level 0.7 Transmutations
 + Level 3.6 Earth Magic


You had 3 spell levels left.
You knew the following spells:

 Your Spells              Type           Power      Damage    Failure   Level
a - Sandblast             Erth           24%        2d8       4%          1

Your spell library contained the following spells:

 Spells                   Type           Power      Damage    Failure   Level
 Passwall                 Tmut/Erth      6%         N/A       14%         2
 Stone Arrow              Conj/Erth      12%        3d7       32%         3
 Petrify                  Tmut/Erth      8%         N/A       65%         4


Dungeon Overview and Level Annotations

Branches:
Dungeon (1/15)

Altars:


Innate Abilities, Weirdness & Mutations

You are immune to sickness and miasma.
Your stone body is resilient. (AC +2)
You are immune to poison.
You resist negative energy. (rN+)
You are resistant to electric shocks. (rElec)
You are resistant to unholy torment.
You are immune to petrification.


Message History

A quokka comes into view.
Casting: Sandblast (safe; 4% risk of failure)
Confirm with . or Enter, or press ? or * to list all spells.
Aiming: Sandblast (safe; 4% risk of failure)
Press: ? - help, Shift-Dir - straight line, f/p - hobgoblin
Aim: a hobgoblin (79% to hit)
The blast of sand hits the hobgoblin.
The hobgoblin is heavily wounded.
Casting: Sandblast (safe; 4% risk of failure)
Confirm with . or Enter, or press ? or * to list all spells.
Aiming: Sandblast (safe; 4% risk of failure)
Press: ? - help, Shift-Dir - straight line, f/p - hobgoblin
Aim: a hobgoblin (heavily wounded, 79% to hit)
The blast of sand misses the hobgoblin.
The hobgoblin hits you. The quokka barely misses you.
Unknown command.
Casting: Sandblast (safe; 4% risk of failure)
Confirm with . or Enter, or press ? or * to list all spells.
You don't have enough magic to cast this spell.
Unknown command.
Unknown command.
You hit the hobgoblin but do no damage.
The hobgoblin is heavily wounded.
The quokka misses you. The hobgoblin closely misses you.
You hit the hobgoblin but do no damage.
The hobgoblin is heavily wounded.
The quokka bites you but does no damage.
The hobgoblin barely misses you.
You hit the hobgoblin but do no damage.
The hobgoblin is heavily wounded.
The quokka misses you. The hobgoblin barely misses you.
You hit the hobgoblin but do no damage.
The hobgoblin is heavily wounded.
The quokka bites you. The hobgoblin hits you.
* * * LOW HITPOINT WARNING * * *
You closely miss the hobgoblin.
The hobgoblin is heavily wounded.
The quokka bites you but does no damage.
The hobgoblin barely misses you. The quokka bites you.
You die...

#.# #.# #.# #...# #.#
#...# #.# #.#.#### #.#
#...... #.# #.##..###
#.#########.##....
###.##........##gr#
.......######.##@###.##
....#### #.............
#####
#.......########## #
#.###.### # #.
#######.###.
#.......... ........# #
#.#####.#


You could see a quokka and a hobgoblin.

Vanquished Creatures
  A ball python (D:1)
1 creature vanquished.

Notes
Turn   | Place    | Note
-------+----------+-------------------------------------------
     0 | D:1      | ZARRMARR the Gargoyle Earth Elementalist began the quest
                  | for the Orb.
     0 | D:1      | Reached XP level 1. HP: 10/10 MP: 3/3
   100 | D:1      | Slain by a quokka

Illustrated notes

Levels and vault maps discovered:
D:1:      minmay_arrival_hallway, layout_loops_ring,
          ebering_ecumenical_altar_abandoned, minmay_heptomino_l4

Action                   || total
-------------------------++-------
Melee: Unarmed           ||     5
 Cast: Sandblast         ||     5
Armor: Robe              ||     2
Dodge: Dodged            ||     7
